 Dungeon Crawl Stone Soup version 0.28.0-53-g5a82cb258f (webtiles) character file.

Game seed: 541775541865713070

12 Druoop the Slasher (level 2, 28/28 HPs)
             Began as a Naga Berserker on June 28, 2022.
             Was a Follower of Trog.
             Quit the game on level 1 of the Dungeon.
             The game lasted 00:03:02 (1471 turns).

Druoop the Slasher (Naga Berserker)                 Turns: 1471, Time: 00:03:03

Health: 28/28      AC:  1    Str: 19    XL:     2   Next: 33%
Magic:  2/2        EV:  9    Int:  7    God:    Trog [*.....]
Gold:   29         SH:  0    Dex: 10    Spells: 1/1 levels left

rFire   . . .      SeeInvis +   a - +0 falchion
rCold   . . .      Faith    .   (no shield)
rNeg    . . .      Spirit   .   b - +0 animal skin
rPois   +          Reflect  .   (no helmet)
rElec   .          Harm     .   (no cloak)
rCorr   .          Rampage  .   (no gloves)
Will    .....                   (no barding)
Stlth   +.........              (no amulet)
HPRegen 0.09/turn               (no ring)
MPRegen 0.08/turn               (no ring)

@: very slow
A: AC +0, large, see invisible, deformed body, poison resistance, slowness 2,
spit poison 1, naga tail 1
a: Spit Poison, Renounce Religion, Berserk


You were on level 1 of the Dungeon.
You worshipped Trog.
Trog was aware of your devotion.
You visited 1 branch of the dungeon, and saw 2 of its levels.

You collected 29 gold pieces.

Inventory:

Hand Weapons
 a - a +0 falchion (weapon)
Armour
 b - a +0 animal skin (worn)
Scrolls
 c - 2 scrolls of fear {unknown}
 d - a scroll of enchant weapon {unknown}
 e - 5 scrolls of identify {unknown}
 g - a scroll of summoning {unknown}
 i - a scroll of immolation {unknown}
Potions
 f - a potion of magic {unknown}
 h - a potion of heal wounds {unknown}
 j - a potion of flight {unknown}


   Skills:
 + Level 3.1 Fighting
 + Level 3.1 Long Blades
 + Level 1.7 Armour
 + Level 1.7 Dodging
 + Level 1.2 Stealth


You had one spell level left.
You didn't know any spells.
Your spell library contained the following spells:

 Spells                   Type           Power      Damage    Failure   Level
 Foxfire                  Conj/Fire      0%         2x1d4     43%         1
 Conjure Flame            Conj/Fire      0%         6-21      80%         3
 Inner Flame              Hex/Fire       0%         N/A       80%         3
 Flame Wave               Conj/Fire      0%         2d4       99%         4


Dungeon Overview and Level Annotations

Branches:
Dungeon (2/15)

Altars:


Innate Abilities, Weirdness & Mutations

Your serpentine skin is tough. (AC +0)
You have supernaturally acute eyesight. (SInv)
Armour fits poorly on your strangely shaped body.
Your system is resistant to poisons. (rPois)
You cover ground very slowly.
You can spit poison.
You have a snake-like lower body.


Message History

There is an open door here.
You open the door.
There is an open door here.
c - 2 scrolls labelled CIOPPEL CUDE (gained 1)
There is an open door here.
There is an open door here.
As you open the door, it creaks loudly!
There is an open door here.
e - 5 scrolls labelled JEEBEODECI (gained 1)
A kobold comes into view. It is wielding a +0 club.
The kobold shouts!
The kobold hits you with a +0 club.
You hit the kobold.
You kill the kobold!
Trog accepts your kill.
You see here a +0 club.
You start resting.
HP restored.
Found a stone staircase leading down.
Found a stone staircase leading down.
There is a stone staircase leading down here.
There is a stone staircase leading down here.
There is an escape hatch in the floor here.
A quokka comes into view.
You hit the quokka but do no damage. The quokka barely misses you.
You slash the quokka!
You kill the quokka!
Trog accepts your kill.
You see here a quokka corpse.
Found a book of Flames.
You see here a book of Flames.
You see here a book of Flames.
You pick up a book of Flames and begin reading...
You add the spells Foxfire, Conjure Flame, Inner Flame and Flame Wave to your library.
Found 30 stones.
You see here a quokka corpse.
Done exploring.
Done exploring.
Unknown command.
Are you sure you want to abandon this character and quit the game? (Confirm with "yes".)

.# #.# ####...#...#<'..#.. .# #.#
#..#...#...######.. .#########.#
#.##...#.....#..... ...........#
#.##...#.....#..... .###########
#.##...#.....'..... .##
#.##...############ ..#
#[##.........# #.#
#.##.........### #.#
#.@#.........'.# #.##########
#..#'#########.#
#..........####........### #.#
##########...............###.####
........#######........#.........
#######................##########
##########.......# #########


There were no monsters in sight!

Vanquished Creatures
  An endoplasm (D:1)
  A goblin (D:2)
  A hobgoblin (D:1)
  2 quokkas (D:1)
  A ball python (D:2)
  2 bats (D:1)
  2 kobolds
  2 rats
12 creatures vanquished.

Notes
Turn   | Place    | Note
-------+----------+-------------------------------------------
     0 | D:1      | Druoop the Naga Berserker began the quest for the Orb.
     0 | D:1      | Reached XP level 1. HP: 21/21 MP: 1/1
    46 | D:1      | You fall into a shaft and drop 1 floor!
   699 | D:1      | Reached skill level 1 in Stealth
   699 | D:1      | Reached XP level 2. HP: 15/28 MP: 2/2
  1471 | D:1      | Quit the game

Illustrated notes

Levels and vault maps discovered:
D:1:      minmay_arrival_widening_spiral_wide, layout_loops_ring
D:2:      wad_pebble_path, layout_basic, basic_altar, roderic_lattice_a,
          uniq_sigmund, uniq_crazy_yiuf_cottage

Skill      XL: |  1 |
---------------+----+-----
Stealth        | 1 |  1.2
Fighting       | |  3.1
Long Blades    | |  3.1
Armour         | |  1.7
Dodging        | |  1.7

Action                   || total
-------------------------++-------
Melee: Falchion          ||    34
       Punch             ||     1
Armor: Animal skin       ||     5
Dodge: Dodged            ||    27
